 Dungeon Crawl Stone Soup version 0.22.0-21-g8bd1b0a (webtiles) character file.

190 NormalPerson7T the Charmwright (level 5, -10/64 HPs)
             Began as a Gnoll Skald on Aug 19, 2018.
             Shot with an arrow by a centaur (11 damage)
             ... on level 4 of the Dungeon.
             The game lasted 00:07:33 (1008 turns).

NormalPerson7T the Charmwright (Gnoll Skald)        Turns: 1008, Time: 00:07:34

Health: -10/64     AC:  5    Str: 17 (18) XL:     5   Next: 69%
Magic:  9/12       EV: 14    Int: 14 (16) God:
Gold:   93         SH:  0    Dex: 13 (15) Spells: 5/14 levels left

rFire    . . .     SeeInvis .   a - +0 spear
rCold    + . .     Gourm    .   (no shield)
rNeg     . . .     Faith    .   b - +0 leather armour
rPois    .         Spirit   .   k - +0 helmet
rElec    .         Reflect  .   t - scarf {cloud immunity}
rCorr    .         Harm     .   (no gloves)
MR       .....                  f - +0 pair of boots
Stlth    ..........             (no amulet)
HPRegen  0.20/turn              (no ring)
MPRegen  0.13/turn              (no ring)

@: berserking, very slightly contaminated, invisible, very quick
A: distributed training, fangs 1, hooves 1, cold resistance 1, strong nose
a: no special abilities


You were on level 4 of the Dungeon.
You were near starving.

You visited 1 branch of the dungeon, and saw 4 of its levels.

You collected 93 gold pieces.

Inventory:

Hand Weapons
 a - a +0 spear (weapon)
Missiles
 j - 8 steel tomahawks (quivered)
Armour
 b - a +0 leather armour (worn)
 f - a +0 pair of boots (worn)
 k - a +0 helmet (worn)
 t - a scarf of cloud immunity (worn)
Magical Staves
 p - an uncursed staff of poison {rPois}
Scrolls
 c - 2 scrolls of identify {unknown}
 m - a scroll of noise {unknown}
 n - a scroll of enchant weapon {unknown}
 u - a scroll of remove curse {unknown}
Potions
 h - a potion of lignification {unknown}
 i - a potion of invisibility
 l - a potion of curing {unknown}
 o - a potion of mutation {!q}
 q - a potion of heal wounds {unknown}
 r - a potion of haste {unknown}
 s - a potion of degeneration {!q!q}
Comestibles
 d - 4 rations


   Skills:
 + Level 4.8 Fighting
 + Level 1.5 Short Blades
 + Level 1.5 Long Blades
 + Level 1.5 Axes
 + Level 1.5 Maces & Flails
 + Level 4.8 Polearms
 + Level 1.5 Staves
 + Level 1.5 Slings
 + Level 1.5 Bows
 + Level 1.5 Crossbows
 + Level 1.5 Throwing
 + Level 3.0 Armour
 + Level 4.8 Dodging
 + Level 1.5 Stealth
 + Level 1.5 Shields
 + Level 1.5 Unarmed Combat
 + Level 5.2 Spellcasting
 + Level 1.2 Conjurations
 + Level 1.2 Hexes
 + Level 5.5 Charms
 + Level 1.2 Summonings
 + Level 1.2 Necromancy
 + Level 1.2 Translocations
 + Level 1.2 Transmutations
 + Level 1.2 Fire Magic
 + Level 1.2 Ice Magic
 + Level 1.2 Air Magic
 + Level 1.2 Earth Magic
 + Level 1.2 Poison Magic
 + Level 1.7 Invocations
 + Level 1.5 Evocations


You had 5 spell levels left.
You knew the following spells:

 Your Spells              Type           Power        Failure   Level  Hunger
a - Infusion              Chrm           ###.         1%          1    None
r - Regeneration          Chrm/Necr      ##........   16%         3    ###....
s - Spectral Weapon       Hex/Chrm       ##......     16%         3    ###....
x - Shroud of Golubria    Chrm/Tloc      ##........   8%          2    ##.....

Your spell library contained the following spells:

 Spells                   Type           Power        Failure   Level  Hunger
 Song of Slaying          Chrm           ###.....     3%          2    ##.....


Dungeon Overview and Level Annotations

Branches:
Dungeon (4/15)
 Temple: D:4-7

Altars:
Sif Muna
Uskayaw
Vehumet
Wu Jian

Annotations:
D:4 Pikel


Innate Abilities, Weirdness & Mutations

Your experience applies equally to all skills.
You have very sharp teeth.
Your uncanny sense of smell can sniff out nearby items.
You have large cloven feet.
Your flesh is cold resistant. (rC+)


Message History

You feel resistant to cold.
Your feet thicken and deform.
The centaur barely misses your spectral weapon.
The orc hits your spectral weapon with a mace.
Your spectral weapon shares its damage with you!
Your spectral weapon fades away.
* * * LOW HITPOINT WARNING * * *
The orc shouts!
It was a potion of degeneration.
There was something very wrong with that liquid.
You feel weakened.
You feel dopey.
You feel clumsy.
The frilled lizard hisses angrily.
The centaur shouts!
The centaur wields an uncursed shortbow.
The centaur shoots an arrow.
The arrow barely misses you.
Unknown command.
Unknown command.
It was a potion of berserk rage.
A red film seems to cover your vision as you go berserk!
You feel yourself moving faster!
You feel mighty!
The centaur shoots an arrow.
The arrow hits you!
You die...

#### #.# ..#
..# ###.###
... .o.c. ..
#l.# #.## #..#
..# #@(#
######### #.#
#.(#
#.......###.##
#.(#
+.......K.p..#
#..#
#.......####.#
#(.# ...[....#
#)# #..#
.########
#.###..## .#
#..##...# .#
#..###..#


You could see a centaur, an orc and a frilled lizard (wandering).

Vanquished Creatures
  An ogre (D:4)
  An orc wizard (D:4)
  A hound skeleton (D:3)
  2 adders
  2 worms
  A dart slug (D:3)
  5 orcs (D:4)
  3 ball pythons
  4 bats
  A giant cockroach (D:3)
  4 goblins
  2 hobgoblins
  2 jackals (D:4)
  3 kobolds (D:2)
  A quokka (D:3)
  A frilled lizard (D:1)
  A leopard gecko skeleton (D:4)
  3 rats
38 creatures vanquished.

Vanquished Creatures (others)
  A spectral weapon (D:4)
1 creature vanquished.

Grand Total: 39 creatures vanquished

Notes
Turn   | Place    | Note
-------+----------+-------------------------------------------
     0 | D:1      | NormalPerson7T the Gnoll Skald began the quest for the Orb.
     0 | D:1      | Reached XP level 1. HP: 20/20 MP: 6/6
   164 | D:2      | Reached XP level 2. HP: 26/26 MP: 3/7
   190 | D:2      | Found a faded altar of an unknown god.
   318 | D:2      | Learned a level 2 spell: Shroud of Golubria
   365 | D:2      | Found a hide-covered altar of Uskayaw.
   365 | D:2      | Noticed a hand axe
   365 | D:2      | Noticed a hand axe
   460 | D:1      | Reached XP level 3. HP: 19/31 MP: 9/9
   533 | D:3      | Reached skill level 5 in Spellcasting
   534 | D:3      | Found a radiant altar of Vehumet.
   540 | D:3      | Learned a level 3 spell: Regeneration
   544 | D:3      | Learned a level 3 spell: Spectral Weapon
   553 | D:3      | Found a deep blue altar of Sif Muna.
   596 | D:3      | Reached skill level 1 in Invocations
   646 | D:3      | Reached skill level 1 in Short Blades
   646 | D:3      | Reached skill level 1 in Long Blades
   646 | D:3      | Reached skill level 1 in Axes
   646 | D:3      | Reached skill level 1 in Maces & Flails
   646 | D:3      | Reached skill level 1 in Staves
   646 | D:3      | Reached skill level 1 in Slings
   646 | D:3      | Reached skill level 1 in Bows
   646 | D:3      | Reached skill level 1 in Crossbows
   646 | D:3      | Reached skill level 1 in Throwing
   646 | D:3      | Reached skill level 1 in Stealth
   646 | D:3      | Reached skill level 1 in Shields
   646 | D:3      | Reached skill level 1 in Unarmed Combat
   646 | D:3      | Reached skill level 1 in Evocations
   694 | D:3      | Reached XP level 4. HP: 30/38 MP: 7/11
   780 | D:4      | Reached skill level 1 in Conjurations
   780 | D:4      | Reached skill level 1 in Hexes
   780 | D:4      | Reached skill level 1 in Summonings
   780 | D:4      | Reached skill level 1 in Necromancy
   780 | D:4      | Reached skill level 1 in Translocations
   780 | D:4      | Reached skill level 1 in Transmutations
   780 | D:4      | Reached skill level 1 in Fire Magic
   780 | D:4      | Reached skill level 1 in Ice Magic
   780 | D:4      | Reached skill level 1 in Air Magic
   780 | D:4      | Reached skill level 1 in Earth Magic
   780 | D:4      | Reached skill level 1 in Poison Magic
   827 | D:4      | Noticed an ogre
   830 | D:4      | Noticed a slave
   835 | D:4      | Noticed Pikel
   841 | D:4      | Noticed a slave
   843 | D:4      | Noticed a slave
   846 | D:4      | Killed an ogre
   846 | D:4      | Reached XP level 5. HP: 10/43 MP: 3/12
   891 | D:4      | Found an ornate altar of the Wu Jian Council.
   995 | D:4      | Noticed a centaur
  1005 | D:4      | HP: 2/43 [centaur (1)]
  1006 | D:4      | Gained mutation: Your flesh is cold resistant. (rC+) [potion of mutation]
  1006 | D:4      | Gained mutation: You have large cloven feet. [potion of mutation]
  1008 | D:4      | Shot with an arrow by a centaur

Skill      XL: |  1  2  3  4 |
---------------+-------------+-----
Spellcasting   | 5 |  5.2
Invocations    | 1 |  1.7
Short Blades   | 1 |  1.5
Long Blades    | 1 |  1.5
Axes           | 1 |  1.5
Maces & Flails | 1 |  1.5
Staves         | 1 |  1.5
Slings         | 1 |  1.5
Bows           | 1 |  1.5
Crossbows      | 1 |  1.5
Throwing       | 1 |  1.5
Stealth        | 1 |  1.5
Shields        | 1 |  1.5
Unarmed Combat | 1 |  1.5
Evocations     | 1 |  1.5
Conjurations   | 1 |  1.2
Hexes          | 1 |  1.2
Summonings     | 1 |  1.2
Necromancy     | 1 |  1.2
Translocations | 1 |  1.2
Transmutations | 1 |  1.2
Fire Magic     | 1 |  1.2
Ice Magic      | 1 |  1.2
Air Magic      | 1 |  1.2
Earth Magic    | 1 |  1.2
Poison Magic   | 1 |  1.2
Armour         | 3 |  3.0
Fighting       | |  4.8
Polearms       | |  4.8
Dodging        | |  4.8
Charms         | |  5.5

Action                   |  1- 3 |  4- 6 || total
-------------------------+-------+-------++-------
Melee: Spear             |    79 |    85 ||   164
       Bite              |     5 |    10 ||    15
       Punch             |       |     1 ||     1
Throw: Tomahawk          |     2 |       ||     2
 Cast: Infusion          |     5 |     1 ||     6
       Spectral Weapon   |     3 |     5 ||     8
       Regeneration      |       |     4 ||     4
  Use: Potion            |       |     4 ||     4
 Stab: Sleeping          |     2 |     1 ||     3
       Distracted        |     1 |       ||     1
Armor: Leather armour    |    21 |    18 ||    39
Dodge: Dodged            |    55 |    42 ||    97
